 Dungeon Crawl Stone Soup version 0.23.1 (webtiles) character file.

Game seed: 16378094604467286724

19441 Kairos the Cleaver (level 12, -10/62 HPs)
             Began as a Vine Stalker Fighter on Mar 5, 2019.
             Was the Champion of Okawaru.
             Mangled by a tyrant leech (20 damage)
             ... on level 3 of the Lair of Beasts.
             The game lasted 00:23:56 (10071 turns).

Kairos the Cleaver (Vine Stalker Fighter)          Turns: 10071, Time: 00:23:57

Health: -10/62     AC: 19    Str: 24    XL:     12   Next: 69%
Magic:  0/22       EV: 12    Int:  8    God:    Okawaru [******]
Gold:   677        SH: 13    Dex: 14    Spells: 9/11 levels left

rFire    . . .     SeeInvis .   R - +4 war axe (flame)
rCold    . . .     Gourm    .   c - +0 shield
rNeg     . . .     Faith    .   p - +3 chain mail
rPois    .         Spirit   +   o - +1 helmet
rElec    .         Reflect  .   (no cloak)
rCorr    .         Harm     .   (no gloves)
MR       +....                  k - +0 pair of boots
Stlth    +++.......             D - amulet of rage
HPRegen  1.00/turn              e - ring of magical power
MPRegen  0.18/turn              y - ring of stealth

@: heroism
A: fangs 3, regeneration 2, magic shield, antimagic bite, no potion heal 3, rot
immunity
a: Heroism, Finesse, Renounce Religion, Evoke Berserk Rage


You were on level 3 of the Lair of Beasts.
You worshipped Okawaru.
Okawaru was exalted by your worship.
You were not hungry.

You visited 3 branches of the dungeon, and saw 14 of its levels.

You collected 677 gold pieces.

Inventory:

Hand Weapons
 a - a +2 war axe
 n - a +0 whip of holy wrath
 w - a +3 flail of protection
 C - a +5 war axe
 L - a +1 hand axe of electrocution
 R - a +4 war axe of flaming (weapon)
Missiles
 h - 16 tomahawks (quivered)
 A - 7 javelins
Armour
 b - a +0 scale mail
 c - a +0 shield (worn)
 k - a +0 pair of boots (worn)
 o - a +1 helmet (worn)
 p - a +3 chain mail (worn)
Jewellery
 e - a ring of magical power (left hand)
 u - an uncursed amulet of the gourmand
 y - a ring of stealth (right hand)
 D - an amulet of rage (around neck)
 G - an uncursed ring of positive energy
Wands
 z - a wand of enslavement (8)
 B - a wand of paralysis (8)
 F - a wand of random effects (9)
 J - a wand of iceblast (14)
 N - a wand of flame (17)
Scrolls
 j - 3 scrolls of teleportation
 l - a scroll of immolation {unknown}
 q - 2 scrolls of noise {unknown}
 E - a scroll of fog {unknown}
 H - a scroll of fear {unknown}
 I - 2 scrolls of remove curse
 K - a scroll of vulnerability {unknown}
 M - a scroll of blinking {unknown}
 P - a scroll of enchant armour
Potions
 d - 3 potions of might
 g - a potion of cancellation {unknown}
 i - 2 potions of agility
 m - 4 potions of curing
 r - 5 potions of haste
 s - a potion of flight {unknown}
 t - 3 potions of mutation {unknown}
 v - 3 potions of brilliance
 x - 2 potions of lignification {unknown}
 Q - a potion of ambrosia {unknown}
Comestibles
 f - 30 rations


   Skills:
 + Level 6.8(11.8) Fighting
 * Level 12.9(18.0) Axes
 + Level 2.1(13.8) Maces & Flails
 + Level 0.4(5.4) Throwing
 + Level 7.2(12.2) Armour
 + Level 2.1(7.1) Dodging
 + Level 7.9(12.9) Stealth
 + Level 7.3(12.3) Shields
 + Level 0.4 Invocations
 + Level 1.0 Evocations


You had 9 spell levels left.
You knew the following spells:

 Your Spells              Type           Power        Failure   Level  Hunger
a - Blink                 Tloc           N/A          99%         2    ###....

Your spell library contained the following spells:

 Spells                   Type           Power        Failure   Level  Hunger
 Confusing Touch          Hex            #.....       96%         1    ##.....
 Magic Dart               Conj           #...         96%         1    ##.....
 Call Imp                 Summ           #.......     99%         2    ###....
 Slow                     Hex            #.......     99%         2    ###....
 Confuse                  Hex            #.......     100%        3    ####...
 Conjure Flame            Conj/Fire      #.......     100%        3    ####...
 Gell's Gravitas          Tloc           #.........   100%        3    ####...
 Mephitic Cloud           Conj/Pois/Air  #.......     100%        3    ####...
 Petrify                  Tmut/Erth      #.......     100%        4    #####..
 Metabolic Englaciation   Hex/Ice        #.........   100%        5    ######.
 Yara's Violent Unravell  Hex/Tmut       #.........   100%        5    ######.


Dungeon Overview and Level Annotations

Branches:
Dungeon (10/15)            Temple (1/1) D:5            Lair (3/6) D:10
  Snake (0/4) Lair:3
  Swamp: Lair:2-4    Shoals: Lair:2-4       Orc: D:9-12

Altars:
Ashenzari
Cheibriados
Dithmenos
Elyvilon
Fedhas
Gozag
Hepliaklqana
Kikubaaqudgha
Makhleb
Nemelex Xobeh
Okawaru
Qazlal
Ru
Sif Muna
Trog
Uskayaw
Vehumet
Wu Jian
Xom
Yredelemnul
Zin
The Shining One

Shops:
D:3 *

Annotations:
D:9 2 transporters


Innate Abilities, Weirdness & Mutations

You have razor-sharp teeth.
You heal very quickly.
When hurt, damage is shared between your health and your magic reserves.
Your bite disrupts and absorbs the magic of your enemies.
Potions cannot restore your health.
You are immune to rotting.


Message History

You bite the tyrant leech, but do no damage.
The tyrant leech is moderately wounded.
You block the tyrant leech's attack.
You slice the tyrant leech!! You burn the tyrant leech.
Your bite misses the tyrant leech.
The tyrant leech is severely wounded.
You hit the tyrant leech. You burn the tyrant leech.
Your bite misses the tyrant leech.
The tyrant leech is almost dead.
The tyrant leech bites you!
* * * LOW HITPOINT WARNING * * *
The tyrant leech draws strength from your injuries!
You miss the tyrant leech.
You bite the tyrant leech, but do no damage.
The tyrant leech is severely wounded.
You hit the tyrant leech. You burn the tyrant leech.
Your bite misses the tyrant leech.
The tyrant leech is severely wounded.
The tyrant leech bites you!!
You die...

...... #.#........####.#
......##...#......###...
...>...#...##......##...
...........##.....###...
#.......÷..##.....# #...
#......#.PP.......##..##
......#.PP..#.....##.. #
.........PP#......P..+##
.......@................
.....%.w................
........................
........................
.......#.#.#........÷...
P.....# ..#.##.....††...
#..... .. .##.....P##.#
...... ...........##...
..#.....##...


You could see a tyrant leech.

Vanquished Creatures
  3 hydras
  5 two-headed ogres
  A black mamba (Lair:3)
  2 spiny frogs (Lair:2)
  2 rime drakes
  3 komodo dragons
  A troll (D:10)
  10 blink frogs (Lair:3)
  2 dream sheep (D:8)
  2 hippogriffs
  Sigmund (D:4)
  A basilisk (Lair:2)
  19 yaks
  2 wyverns
  A hungry ghost (D:9)
  A soldier ant (D:10)
  Edmund (D:5)
  4 nagas (Lair:3)
  4 water moccasins
  2 porcupines
  4 orc warriors
  2 black bears
  2 phantoms
  A necrophage (D:10)
  6 ogres
  5 centaurs
  3 crocodiles
  5 big kobolds
  9 bullfrogs
  A water moccasin zombie (D:8)
  2 scorpions
  3 wights (D:6)
  4 howler monkeys
  5 crimson imps
  A bullfrog zombie (D:8)
  2 centaur zombies
  A jelly (D:7)
  An orc priest (D:8)
  3 hounds
  A centaur skeleton (D:4)
  A bullfrog skeleton (D:4)
  Ijyb (D:5)
  An iguana (D:10)
  6 orc wizards
  Natasha (thrice) (D:2)
  7 worker ants
  Robin (D:2)
  A worker ant zombie (D:8)
  2 gnolls (D:5)
  12 adders
  3 shadow imps
  3 oozes
  2 worms
  3 dart slugs
  3 leopard geckos
  26 orcs
  2 ball pythons
  6 bats
  7 giant cockroaches
  11 goblins
  9 hobgoblins
  13 jackals
  4 quokkas
  6 frilled lizards
  A jackal zombie (D:7)
  14 kobolds
  A leopard gecko skeleton (D:5)
  A quokka zombie (D:8)
  5 rats
  3 fungi
286 creatures vanquished.

Vanquished Creatures (others)
  5 toadstools (D:1)
5 creatures vanquished.

Grand Total: 291 creatures vanquished

Notes
Turn   | Place    | Note
-------+----------+-------------------------------------------
     0 | D:1      | Kairos the Vine Stalker Fighter began the quest for the
                  | Orb.
     0 | D:1      | Reached XP level 1. HP: 11/11 MP: 2/2
   131 | D:1      | Reached XP level 2. HP: 16/16 MP: 3/3
   286 | D:1      | Reached skill level 2 in Axes
   291 | D:1      | Reached XP level 3. HP: 19/19 MP: 4/4
   626 | D:2      | Gained mutation: Your natural rate of healing is unusually
                  | fast. [Vine Stalker growth]
   626 | D:2      | Reached XP level 4. HP: 15/24 MP: 5/5
   686 | D:2      | Noticed Robin
   695 | D:2      | Killed Robin
   894 | D:2      | Found a shattered altar of Ashenzari.
   906 | D:2      | Found a stormy altar of Qazlal.
   954 | D:2      | Noticed Natasha
   966 | D:2      | Killed Natasha
   966 | D:2      | Reached skill level 3 in Axes
   966 | D:2      | Reached XP level 5. HP: 25/28 MP: 6/6
  1416 | D:2      | Noticed Natasha
  1422 | D:2      | Killed Natasha
  1451 | D:2      | Noticed Natasha
  1455 | D:2      | Killed Natasha
  1884 | D:3      | Found a snail-covered altar of Cheibriados.
  1916 | D:3      | Found Gozag's Platinum Reserve.
  1926 | D:3      | Found an opulent altar of Gozag.
  2016 | D:3      | Reached XP level 6. HP: 30/32 MP: 7/7
  2077 | D:3      | Found a blossoming altar of Fedhas.
  2347 | D:4      | Noticed a phantom
  2351 | D:4      | Reached skill level 1 in Stealth
  2388 | D:4      | Killed a phantom
  2388 | D:4      | Reached skill level 4 in Axes
  2398 | D:4      | Noticed Sigmund
  2413 | D:4      | Killed Sigmund
  2413 | D:4      | Reached XP level 7. HP: 26/36 MP: 8/8
  2832 | D:4      | Reached skill level 5 in Axes
  3102 | D:5      | Entered Level 5 of the Dungeon
  3207 | D:5      | Gained mutation: You have razor-sharp teeth. [Vine Stalker
                  | growth]
  3207 | D:5      | Reached XP level 8. HP: 38/40 MP: 9/9
  3240 | D:5      | Noticed Edmund
  3246 | D:5      | Found a burning altar of Makhleb.
  3268 | D:5      | Killed Edmund
  3268 | D:5      | Reached skill level 5 in Shields
  3384 | D:5      | Found a staircase to the Ecumenical Temple.
  3450 | D:5      | Noticed Ijyb
  3462 | D:5      | Killed Ijyb
  3534 | D:5      | Found a bloodstained altar of Trog.
  3559 | D:5      | Reached skill level 6 in Axes
  3726 | Temple   | Entered the Ecumenical Temple
  3768 | Temple   | Became a worshipper of Warmaster Okawaru
  4181 | D:6      | Reached * piety under Okawaru
  4403 | D:6      | Found a deep blue altar of Sif Muna.
  4581 | D:7      | Found a sparkling altar of Nemelex Xobeh.
  4661 | D:7      | Reached skill level 7 in Axes
  4661 | D:7      | Reached XP level 9. HP: 42/45 MP: 10/10
  4663 | D:7      | Reached skill level 5 in Stealth
  5419 | D:8      | Found a sacrificial altar of Ru.
  5420 | D:8      | Noticed a two-headed ogre
  5584 | D:7      | Killed a two-headed ogre
  5584 | D:7      | Reached ** piety under Okawaru
  5584 | D:7      | Reached skill level 8 in Axes
  5761 | D:8      | Reached skill level 9 in Axes
  5796 | D:8      | Found a shimmering altar of Xom.
  5844 | D:8      | Reached XP level 10. HP: 34/51 MP: 11/11
  5956 | D:8      | Found a hazy altar of Hepliaklqana.
  6030 | D:8      | Found a white marble altar of Elyvilon.
  6099 | D:8      | Reached *** piety under Okawaru
  6187 | D:8      | Noticed a two-headed hydra
  6198 | D:8      | Killed a two-headed hydra
  6198 | D:8      | Reached **** piety under Okawaru
  6198 | D:8      | Reached skill level 5 in Fighting
  6198 | D:8      | Reached skill level 10 in Axes
  6198 | D:8      | Reached skill level 5 in Armour
  6198 | D:8      | Reached skill level 1 in Dodging
  6200 | D:8      | Reached skill level 1 in Maces & Flails
  6393 | D:8      | Noticed a two-headed ogre
  6404 | D:8      | Killed a two-headed ogre
  6404 | D:8      | Reached ***** piety under Okawaru
  6464 | D:9      | Noticed a two-headed ogre
  6482 | D:9      | Killed a two-headed ogre
  6493 | D:9      | Reached XP level 11. HP: 45/56 MP: 12/12
  6605 | D:9      | Noticed a two-headed ogre
  6612 | D:9      | Received a gift from Okawaru
  6617 | D:9      | Killed a two-headed ogre
  6617 | D:9      | Reached skill level 11 in Axes
  6796 | D:9      | Found a transporter.
  6799 | D:9      | Noticed a fire crab
  6800 | D:9      | Noticed an orc high priest
  6891 | D:9      | Found a transporter.
  7023 | D:9      | Learned a level 2 spell: Blink
  7135 | D:10     | Entered Level 10 of the Dungeon
  7336 | D:10     | Noticed a two-headed ogre
  7353 | D:10     | Killed a two-headed ogre
  7914 | D:10     | Found a staircase to the Lair.
  8011 | D:10     | Reached ****** piety under Okawaru
  8506 | Lair:1   | Entered Level 1 of the Lair of Beasts
  8600 | Lair:1   | You fall through a shaft!
  8883 | Lair:2   | Reached skill level 1 in Evocations
  8920 | Lair:2   | Reached skill level 12 in Axes
  8927 | Lair:2   | Gained mutation: You heal very quickly. [Vine Stalker
                  | growth]
  8927 | Lair:2   | Reached XP level 12. HP: 50/61 MP: 13/13
  9481 | Lair:3   | Noticed an eight-headed hydra
  9483 | Lair:3   | Found a staircase to the Snake Pit.
  9625 | Lair:3   | Received a gift from Okawaru
  9668 | Lair:3   | Killed an eight-headed hydra
  9719 | Lair:3   | Received a gift from Okawaru
  9762 | Lair:3   | Noticed a four-headed hydra
  9775 | Lair:3   | Killed a one-headed hydra
 10071 | Lair:3   | Mangled by a tyrant leech

Skill      XL: |  1  2  3  4  5  6  7  8  9 10 11 12 |
---------------+-------------------------------------+-----
Shields        | 3 4 5 6 7 |  7.3
Axes           | 2 3 4 5 7 9 10 12 | 12.9
Fighting       | 3 4 5 6 |  6.8
Stealth        | 2 4 6 7 |  7.9
Armour         | 3 4 5 6 7 |  7.2
Dodging        | 1 2 |  2.1
Maces & Flails | 2 |  2.1
Evocations     | 1 |  1.0
Throwing       | |  0.4
Invocations    | |  0.4

Action                   |  1- 3 |  4- 6 |  7- 9 | 10-12 || total
-------------------------+-------+-------+-------+-------++-------
Melee: War axe           |    72 |   170 |   271 |   124 ||   637
       Bite              |    20 |    52 |    89 |   176 ||   337
       Flail             |       |       |       |    30 ||    30
       Hand axe          |       |       |       |   302 ||   302
Throw: Tomahawk          |       |       |     8 |       ||     8
Invok: Heroism           |       |       |       |     6 ||     6
Evoke: Wand              |       |       |     2 |    10 ||    12
  Use: Scroll            |     4 |     2 |     9 |     4 ||    19
       Potion            |       |       |       |     2 ||     2
 Stab: Paralysed         |       |       |     2 |     3 ||     5
       Sleeping          |       |       |       |     1 ||     1
  Eat: Ration            |       |     1 |     3 |     1 ||     5
       Chunk             |       |     1 |     4 |    12 ||    17
Armor: Scale mail        |    38 |     5 |       |       ||    43
       Chain mail        |       |   100 |   119 |   170 ||   389
Dodge: Dodged            |    20 |    29 |    49 |    78 ||   176
Block: Shield            |    47 |   100 |   139 |   186 ||   472
